 Dungeon Crawl Stone Soup version 0.22.1-1-ga44c0e56f4 (webtiles) character file.

186 Morbidden the Cutter (level 5, -2/39 HPs)
             Began as a Vampire Gladiator on Nov 5, 2018.
             Killed from afar by an orc wizard (8 damage)
             ... with a magic dart
             ... on level 4 of the Dungeon.
             The game lasted 00:07:23 (2219 turns).

Morbidden the Cutter (Vampire Gladiator)            Turns: 2219, Time: 00:07:24

Health: -2/39      AC:  3    Str: 13    XL:     5   Next: 38%
Magic:  5/5        EV: 14    Int: 12    God:
Gold:   106        SH:  0    Dex: 15    Spells: 4/4 levels left

rFire    . . .     SeeInvis +   o - +1 dagger (vamp)
rCold    . . .     Gourm    .   (no shield)
rNeg     + . .     Faith    .   b - +0 leather armour
rPois    .         Spirit   .   c - +0 helmet
rElec    .         Reflect  .   (no cloak)
rCorr    .         Harm     .   (no gloves)
MR       .....                  r - -2 pair of boots (curse)
Stlth    ++........             (no amulet)
HPRegen  0.13/turn              (no ring)
MPRegen  0.09/turn              (no ring)

@: slowed, very slow
A: fangs 3, see invisible, unbreathing
a: Bat Form


You were on level 4 of the Dungeon.
You were not thirsty.

You visited 1 branch of the dungeon, and saw 4 of its levels.

You collected 106 gold pieces.

Inventory:

Hand Weapons
 o - a +1 vampiric dagger (weapon)
Missiles
 d - 3 throwing nets (quivered)
Armour
 b - a +0 leather armour (worn)
 c - a +0 helmet (worn)
 r - a cursed -2 pair of boots (worn)
Wands
 t - a wand of acid (5)
Scrolls
 a - a scroll of fog {unknown}
 e - 6 scrolls of identify {unknown}
 f - 3 scrolls of random uselessness {unknown}
 g - a scroll of teleportation {unknown}
 i - a scroll of noise {unknown}
 j - a scroll of blinking {unknown}
 m - a scroll of immolation {unknown}
 n - a scroll of magic mapping {unknown}
 q - a scroll of amnesia {unknown}
Potions
 h - a potion of curing
 k - 6 potions of blood
 l - a potion of degeneration {unknown}
 p - a potion of brilliance {unknown}
 s - a potion of might {unknown}


   Skills:
 + Level 2.3 Fighting
 + Level 5.0 Short Blades
 + Level 1.6 Throwing
 + Level 1.3 Armour
 + Level 4.4 Dodging
 * Level 2.0 Stealth


You had 4 spell levels left.
You didn't know any spells.
Your spell library was empty.

Dungeon Overview and Level Annotations

Branches:
Dungeon (4/15)
 Temple: D:4-7

Altars:
Xom


Innate Abilities, Weirdness & Mutations

You have razor-sharp teeth.
You have supernaturally acute eyesight. (SInv)
You can survive without breathing.


Message History

The orc wizard blinks!
The orc wizard mumbles some strange words.
The orc wizard blinks!
The orc wizard mumbles some strange words.
The orc wizard blinks!
You see here a short sword.
The orc wizard gestures at you while chanting.
The magic dart hits you!
* * * LOW HITPOINT WARNING * * *
Unknown command.
The orc wizard casts a spell.
The orc wizard blinks!
The orc wizard gestures wildly while chanting.
The orc wizard blinks!
The orc wizard points at you and mumbles some strange words.
You feel yourself slow down.
The orc wizard hits you but does no damage.
The orc wizard gestures at you while chanting.
The magic dart hits you!
You die...

........)#
###......##########
..................####+#
###....................#
###############o######
######............
+...)).........>##
######........#.#
#...@....# # #...o....#
######........# #
####.oo.ยง........# #
...........####..# #
...........+ .... #
...........# ...# #
...#.......# ..^. ### ..
#.........


You could see 2 orc wizards.

Vanquished Creatures
  An orc wizard (D:3)
  A worker ant (D:4)
  Terence (D:2)
  A hound skeleton (D:4)
  3 gnolls (D:2)
  An ooze (D:4)
  An adder skeleton (D:4)
  A dart slug (D:1)
  A leopard gecko (D:4)
  8 orcs
  5 giant cockroaches
  4 goblins
  2 hobgoblins
  5 jackals
  6 kobolds
  A quokka (D:4)
  5 bats
  A frilled lizard (D:2)
  4 rats
52 creatures vanquished.

Notes
Turn   | Place    | Note
-------+----------+-------------------------------------------
     0 | D:1      | Morbidden the Vampire Gladiator began the quest for the
                  | Orb.
     0 | D:1      | Reached XP level 1. HP: 16/16 MP: 1/1
   127 | D:1      | Reached XP level 2. HP: 18/22 MP: 2/2
   787 | D:1      | Found a shimmering altar of Xom.
   831 | D:2      | Noticed Terence
   850 | D:2      | Killed Terence
   850 | D:2      | Reached skill level 4 in Short Blades
   850 | D:2      | Reached XP level 3. HP: 17/27 MP: 3/3
   961 | D:2      | Reached XP level 4. HP: 28/33 MP: 4/4
  1023 | D:2      | Noticed an ogre
  1119 | D:3      | Reached skill level 1 in Armour
  2059 | D:4      | Reached skill level 1 in Stealth
  2059 | D:4      | Reached XP level 5. HP: 19/38 MP: 5/5
  2187 | D:4      | Reached skill level 5 in Short Blades
  2219 | D:4      | Killed from afar by an orc wizard

Skill      XL: |  1  2  3  4  5 |
---------------+----------------+-----
Fighting       | 2 |  2.3
Short Blades   | 4 5 |  5.0
Dodging        | 4 |  4.4
Armour         | 1 |  1.3
Stealth        | 1 2 |  2.0
Throwing       | |  1.6

Action                   |  1- 3 |  4- 6 || total
-------------------------+-------+-------++-------
Melee: Rapier            |   105 |    31 ||   136
       Bite              |     6 |    13 ||    19
       Dagger            |       |   127 ||   127
  Use: Potion            |     9 |     3 ||    12
  Eat: Corpse            |     1 |       ||     1
Armor: Leather armour    |    33 |    29 ||    62
Dodge: Dodged            |    69 |    85 ||   154
